 Dungeon Crawl Stone Soup version 0.21.1-1-g345015fe64 (webtiles) character file.

111 KamiKatze the Chopper (level 4, -3/61 HPs)
             Began as a Minotaur Berserker on July 21, 2018.
             Was a Believer of Trog.
             Slain by Crazy Yiuf
             ... wielding a +4 quarterstaff of chaos
              (14 damage)
             ... on level 3 of the Dungeon on July 22, 2018.
             The game lasted 00:08:44 (2268 turns).

KamiKatze the Chopper (Minotaur Berserker)          Turns: 2268, Time: 00:08:45

Health: -3/61      AC: 11    Str: 27    XL:     4   Next: 62%
Magic:  3/3        EV:  9    Int:  4    God:    Trog [**....]
Gold:   146        SH:  0    Dex: 10    Spells: 3/3 levels left

rFire    . . .     SeeInvis .   a - +0 hand axe
rCold    . . .     Gourm    .   (no shield)
rNeg     . . .     Faith    .   q - +0 chain mail
rPois    .         Spirit   .   (helmet restricted)
rElec    .         Reflect  .   j - +0 cloak
rCorr    .         Harm     .   n - +0 pair of gloves
MR       ++...                  (no boots)
Stlth    ..........             (no amulet)
HPRegen  1.20/turn              (no ring)
MPRegen  0.08/turn              (no ring)

@: berserking, regenerating, hasted, drained, very quick
A: retaliatory headbutt, horns 2
a: Berserk, Trog's Hand, Burn Spellbooks, Renounce Religion


You were on level 3 of the Dungeon.
You worshipped Trog.
Trog was pleased with you.
You were very hungry.

You visited 1 branch of the dungeon, and saw 3 of its levels.

You collected 146 gold pieces.

Inventory:

Hand Weapons
 a - a +0 hand axe (weapon)
Missiles
 e - 140 stones (quivered)
Armour
 j - a +0 cloak (worn)
 n - a +0 pair of gloves (worn)
 q - a +0 chain mail (worn)
Wands
 u - a wand of iceblast (10)
Scrolls
 d - a scroll of fog {unknown}
 h - a scroll of immolation {unknown}
 i - a scroll of random uselessness {unknown}
 l - a scroll of blinking {unknown}
 m - 2 scrolls of teleportation
 r - a scroll of remove curse
 s - a scroll of magic mapping {unknown}
Potions
 f - 2 potions of agility
 k - a potion of might
 o - a potion of curing
 p - a potion of heal wounds {unknown}
 t - a potion of brilliance {unknown}
 v - a potion of degeneration {unknown}
Comestibles
 b - 3 chunks of flesh
 c - 8 rations


   Skills:
 + Level 4.3(4.0) Fighting
 * Level 5.0(4.7) Axes
 + Level 3.4(3.1) Armour
 + Level 3.1(2.8) Dodging


You had 3 spell levels left.
You didn't know any spells.

Dungeon Overview and Level Annotations

Branches:
Dungeon (3/15)

Altars:
Cheibriados

Annotations:
D:3 Crazy Yiuf


Innate Abilities, Weirdness & Mutations

You reflexively headbutt those who attack you in melee.
You have a pair of horns on your head.


Message History

You feel yourself speed up.
You barely miss Crazy Yiuf. Your headbutt misses Crazy Yiuf.
Crazy Yiuf is moderately wounded.
Crazy Yiuf barely misses you.
You barely miss Crazy Yiuf.
You headbutt Crazy Yiuf, but do no damage.
Crazy Yiuf is moderately wounded.
Crazy Yiuf says, "Crazy?
Crazy!?
PORCUPINE!"
Crazy Yiuf hits you with a quarterstaff of chaos!
Space bends around you.
* * * LOW HITPOINT WARNING * * *
A red film seems to cover your vision as you go berserk!
You feel yourself moving faster!
You feel mighty!
You are feeling very hungry.
You closely miss Crazy Yiuf.
Crazy Yiuf is moderately wounded.
Crazy Yiuf hits you with a quarterstaff of chaos.
* * * LOW HITPOINT WARNING * * *
You are electrocuted!
You die...

.........#.#
#####.##.#.#
....#.##.#.#
....#......#
....'......#
#####
....#.##.#.#
#..)#
....#.##.#.#
#...#
.......#.#.#
#.g.#
######.#.#.#
#@# #.#.#.#
♣♣.♣
######.#.#.#
♣.♣♣
.........#.#
♣♣.♣
......>###.#
♣.♣♣
######## #.#
♣♣.♣♣
##########.#
♣...♣♣
...........#
♣....♣
#.########.#
#....#


You could see Crazy Yiuf.

Vanquished Creatures
  3 adders (D:2)
  4 worms
  A dart slug (D:1)
  2 leopard geckos (D:1)
  An orc (D:3)
  3 giant cockroaches
  4 goblins (D:3)
  12 hobgoblins
  12 jackals
  5 kobolds
  A quokka (D:3)
  6 bats
  3 frilled lizards (D:3)
  4 rats
61 creatures vanquished.

Notes
Turn   | Place    | Note
-------+----------+-------------------------------------------
     0 | D:1      | KamiKatze the Minotaur Berserker began the quest for the Orb.
     0 | D:1      | Reached XP level 1. HP: 19/19 MP: 0/0
   133 | D:1      | Reached XP level 2. HP: 25/27 MP: 1/1
   149 | D:1      | Reached skill level 4 in Axes
   560 | D:2      | Reached XP level 3. HP: 33/33 MP: 2/2
   570 | D:2      | Reached ** piety under Trog
  1062 | D:2      | Reached XP level 4. HP: 31/40 MP: 3/3
  1276 | D:2      | Found a snail-covered altar of Cheibriados.
  1945 | D:3      | Reached skill level 5 in Axes
  2256 | D:3      | Found a runed door.
  2261 | D:3      | Noticed Crazy Yiuf
  2268 | D:3      | Slain by Crazy Yiuf

Skill      XL: |  1  2  3  4 |
---------------+-------------+-----
Axes           | 4 5 |  5.0
Fighting       | 4 |  4.3
Armour         | 3 |  3.4
Dodging        | 3 |  3.1

Action                   |  1- 3 |  4- 6 || total
-------------------------+-------+-------++-------
Melee: Hand axe          |    67 |    60 ||   127
       Headbutt          |     9 |    10 ||    19
Throw: Stone             |     9 |       ||     9
Invok: Berserk           |       |     1 ||     1
       Trog's Hand       |       |     1 ||     1
  Use: Scroll            |       |     5 ||     5
 Stab: Sleeping          |     1 |     1 ||     2
  Eat: Chunk             |       |     4 ||     4
Armor: Animal skin       |    16 |     4 ||    20
       Chain mail        |       |    18 ||    18
Dodge: Dodged            |    45 |    25 ||    70
